AoeStats
← [GG] Shevchenko 7

Enclosed

505685060Analyzed
1v1 RM · 23d ago on Sep 10, 2026· 49m 27s· 2 players
Game mode
Random Map
Map size
Tiny (2 player)
Population
200
Speed
Normal
Resources
Standard
Victory
Conquest
Starting age
Dark Age
Ending age
Imperial Age
RankedLock teamsTeams togetherTeam positionsShared explorationLock speedFull tech treeHidden civsTurbo modeCheats
Victory
Defeat
🇬🇪 Chinese · Georgia
1141
+17
🇧🇷 Persians · Brazil
1152
-17
kaximchedluri
0:31 Loom
8:42 Feudal Age
10:46 Horse Collar
13:17 Double-Bit Axe
13:32 Fletching
22:18 Castle Age
20:58 Scale Mail Armor
20:59 Padded Archer Armor
22:04 Gold Mining
22:22 Crossbowman
22:59 Bodkin Arrow
24:00 Bow Saw
26:19 Wheelbarrow
25:31 Town Watch
27:59 Ballistics
38:28 Imperial Age
39:06 Arbalester
39:51 Thumb Ring
39:48 Bracer
40:03 Leather Archer Armor
42:37 Town Patrol
42:53 Hand Cart
46:16 Stone Mining
47:02 Gold Shaft Mining
[GG] Shevchenko 7
8:02 Loom
10:51 Feudal Age
19:22 Castle Age
18:49 Fletching
24:14 Elite Skirmisher
29:40 Bodkin Arrow
30:59 Husbandry
34:04 Wheelbarrow
38:20 Padded Archer Armor
38:26 Scale Barding Armor
39:10 Scale Mail Armor
45:19 Imperial Age
44:20 Light Cavalry
45:11 Bloodlines
45:39 Hand Cart
49:06 Chemistry
48:20 Forging
Connection lost

Rejoining the realm…

Still unreachable

The connection could not be restored.

Session expired

The server has moved on; the page needs a fresh start.